[Event "Titled Tuesday Blitz January 17 Late 2023"]
[White "Mikaelyan, Arman"]
[Black "Domingo Nunez, Ruben"]
[WhiteFideId "13304852"]
[BlackFideId "22245570"]
[WhiteElo "2523"]
[BlackElo "2416"]
[Result "1/2-1/2"]
[Round "07"]
[TimeControl "180+2"]
[Date "2023.01.17"]
[WhiteClock "0:00:03"]
[BlackClock "0:00:08"]

1. d4 g6 2. g3 Bg7 3. Bg2 d6 4. Nf3 Nf6 5. O-O O-O 6. c4 Nbd7 7. Nc3 c5 8. b3 Rb8 9. Bb2 a6 10. a4 b6 11. Qc2 Ne8 12. e3 Nc7 13. Rfd1 b5 14. axb5 axb5 15. dxc5 Nxc5 16. b4 N5a6 17. cxb5 Nxb4 18. Qa4 Nba6 19. Rab1 Nc5 20. Qh4 Nxb5 21. Nd5 f6 22. Ba1 Be6 23. Nf4 Bf7 24. Qh3 Qc8 25. Qxc8 Rfxc8 26. Bh3 f5 27. Bxg7 Kxg7 28. Ng5 Bg8 29. Rbc1 h6 30. Nf3 Nb3 31. Rxc8 Rxc8 32. g4 fxg4 33. Bxg4 Rc1 34. Rxc1 Nxc1 35. Kg2 h5 36. Bd7 Nc7 37. Ng5 e5 38. Nfe6+ Nxe6 39. Bxe6 Bxe6 40. Nxe6+ Kf6 41. Nc7 Nd3 42. Kf3 Nc5 43. Nd5+ Ke6 44. Nc7+ Kd7 45. Nd5 Ke6 46. Nc7+ Kf6 47. Nd5+ Kf5 48. Ne7+ Kg5 49. Nd5 e4+ 50. Kg3 Nd3 51. Nc7 Ne5 52. Nb5 Nc4 53. Nc3 Kf5 54. Nd5 g5 55. Ne7+ Kf6 56. Nd5+ Ke5 57. Nc3 d5 58. Ne2 Nd2 59. h4 gxh4+ 60. Kxh4 Kf5 61. Ng3+ Kf6 62. Nxh5+ Ke5 63. Kg4 Nc4 64. Nf4 Nb2 65. Ng6+ Kf6 66. Nf4 Nd3 67. Nxd5+ Ke5 68. Nc3 Nxf2+ 69. Kg3 Nd3 70. Kg2 Nc5 71. Kf1 Nb3 72. Ke2 Na5 73. Nd1 Nc4 74. Nf2 Kf5 75. Nh3 Kg4 76. Nf4 Kf5 77. Nd5 Ke5 78. Nc3 Kf5 79. Nb5 Ke5 80. Nd4 Kd5 81. Nc2 Nd6 82. Nb4+ Kc4 83. Nc2 Kc3 84. Ne1 Nc4 85. Ng2 Nb2 86. Nf4 Nd3 87. Nxd3 exd3+ 88. Kd1 d2 89. e4 Kd4 90. Kxd2 Kxe4 1/2-1/2


[Site "https://www.chess.com"]

[Event "Titled Tuesday Blitz January 17 Late 2023"]
[White "Quispe Arteaga, Gabriel"]
[Black "Solon, Nathan"]
[WhiteFideId "32059809"]
[BlackFideId "2017229"]
[WhiteElo "2381"]
[BlackElo "2306"]
[Result "0-1"]
[Round "07"]
[TimeControl "180+2"]
[Date "2023.01.17"]
[WhiteClock "0:00:11"]
[BlackClock "0:00:36"]

1. c4 Nf6 2. Nc3 c5 3. Nf3 d5 4. cxd5 Nxd5 5. g3 Nc6 6. Bg2 Nc7 7. O-O e5 8. d3 Be7 9. Be3 O-O 10. Rc1 Bd7 11. a3 Rc8 12. Qd2 f6 13. h4 h5 14. Nh2 Ne6 15. Nd5 b6 16. b4 cxb4 17. axb4 Ned4 18. Bxd4 Nxd4 19. Rxc8 Bxc8 20. e3 Nf5 21. Rc1 Be6 22. Nxe7+ Qxe7 23. Nf1 Rd8 24. Qc3 Qd6 25. Qc7 Rc8 26. Qxd6 Nxd6 27. Ra1 Nb5 28. Nd2 Rc3 29. Bf1 Ra3 30. Rc1 Nc3 31. Nc4 Bxc4 32. dxc4 a5 33. bxa5 bxa5 34. c5 Kf7 35. c6 Ke7 36. Bh3 Ne2+ 0-1


[Site "https://www.chess.com"]

[Event "Titled Tuesday Blitz January 17 Late 2023"]
[White "Megalios, Konstantinos"]
[Black "Pakleza, Zbigniew"]
[WhiteFideId "4238044"]
[BlackFideId "1119290"]
[WhiteElo "2372"]
[BlackElo "2494"]
[Result "1-0"]
[Round "07"]
[TimeControl "180+2"]
[Date "2023.01.17"]
[WhiteClock "0:00:22"]
[BlackClock "0:00:02"]

1. d4 d6 2. e4 Nf6 3. f3 Nbd7 4. c4 e5 5. Ne2 Be7 6. Nbc3 O-O 7. Be3 c6 8. Qd2 a6 9. O-O-O b5 10. Kb1 Nb6 11. Ng3 Nxc4 12. Bxc4 bxc4 13. h4 Rb8 14. h5 h6 15. dxe5 dxe5 16. Qxd8 Rxd8 17. Rxd8+ Bxd8 18. Rd1 Be7 19. Kc2 Kf8 20. Na4 Ke8 21. Bc5 Bxc5 22. Nxc5 a5 23. Rd6 Rb6 24. Na4 Ra6 25. Nc5 Ke7 26. Rd2 Rb6 27. Kc3 Nd7 28. Nf5+ Kd8 29. Nxg7 Rb5 30. Nxd7 Bxd7 31. Nf5 Kc7 32. Nxh6 Be6 33. Ng8 Rb8 34. Nf6 Rh8 35. g4 Bc8 36. g5 Be6 37. h6 a4 38. Kb4 Kb6 39. h7 c5+ 40. Kc3 Kb5 41. Rd6 a3 42. bxa3 Ra8 43. a4+ Rxa4 44. h8=Q Ra3+ 45. Kb2 Rxf3 46. Qb8+ Ka5 47. Qc7+ Ka4 48. Ra6+ Kb5 49. Rb6+ Ka5 50. Qa7# 1-0


[Site "https://www.chess.com"]

[Event "Titled Tuesday Blitz January 17 Late 2023"]
[White "Sarana, Alexey"]
[Black "Carnicelli, Valerio"]
[WhiteFideId "24133795"]
[BlackFideId "856185"]
[WhiteElo "2685"]
[BlackElo "2370"]
[Result "1-0"]
[Round "07"]
[TimeControl "180+2"]
[Date "2023.01.17"]
[WhiteClock "0:01:25"]
[BlackClock "0:00:15"]

1. c4 Nf6 2. d4 g6 3. Nc3 Bg7 4. e4 d6 5. Be2 O-O 6. Be3 Na6 7. Nf3 e5 8. d5 Nc5 9. Nd2 a5 10. g4 c6 11. g5 Nfd7 12. h4 cxd5 13. cxd5 f5 14. gxf6 Nxf6 15. h5 gxh5 16. Bxc5 dxc5 17. Bxh5 a4 18. Be2 a3 19. b3 Ne8 20. Bg4 Qf6 21. Rh2 Qf4 22. Rg2 Nd6 23. Be6+ Kh8 24. Qh5 b5 25. O-O-O c4 26. Rh1 h6 27. Ne2 Qf6 28. Rg6 Bxe6 29. Qxh6+ Bxh6 30. Rhxh6# 1-0


[Site "https://www.chess.com"]

[Event "Titled Tuesday Blitz January 17 Late 2023"]
[White "Klose, Eli"]
[Black "Naroditsky, Daniel"]
[WhiteFideId "16242955"]
[BlackFideId "2026961"]
[WhiteElo "1519"]
[BlackElo "2618"]
[Result "1/2-1/2"]
[Round "07"]
[TimeControl "180+2"]
[Date "2023.01.17"]
[WhiteClock "0:00:19"]
[BlackClock "0:00:56"]

1. e4 c5 2. Nc3 e6 3. g3 d5 4. Bg2 Nf6 5. d3 Nc6 6. exd5 exd5 7. Bg5 Be6 8. Bxf6 gxf6 9. Nge2 Bh6 10. d4 c4 11. O-O Qd7 12. b3 cxb3 13. axb3 O-O 14. Re1 Kh8 15. Na4 b6 16. Nb2 Bf5 17. c4 Nb4 18. Nc3 Nc2 19. Nxd5 Nxa1 20. Qxa1 Rae8 21. Rd1 Re6 22. Nd3 Bxd3 23. Rxd3 Rfe8 24. Rd1 Re2 25. Bf3 Rc2 26. Nxf6 Qf5 27. Nxe8 Qxf3 28. d5+ Kg8 29. Rf1 Re2 30. Nf6+ Kh8 31. Nh5+ Kg8 32. Nf6+ Kh8 33. Nh5+ Kg8 34. Nf6+ 1/2-1/2


[Site "https://www.chess.com"]

[Event "Titled Tuesday Blitz January 17 Late 2023"]
[White "Czernek, Tymon"]
[Black "Dominguez Perez, Leinier"]
[WhiteFideId "1199510"]
[BlackFideId "3503240"]
[WhiteElo "2314"]
[BlackElo "2739"]
[Result "0-1"]
[Round "07"]
[TimeControl "180+2"]
[Date "2023.01.17"]
[WhiteClock "0:00:06"]
[BlackClock "0:00:11"]

1. e4 Nf6 2. e5 Nd5 3. d4 d6 4. Nf3 dxe5 5. Nxe5 c6 6. Be2 Bf5 7. O-O Nd7 8. Nf3 e6 9. c4 N5f6 10. Nc3 Bd6 11. h3 O-O 12. Nh4 Bg6 13. Nxg6 hxg6 14. Bg5 Qc7 15. Rc1 Bh2+ 16. Kh1 Bf4 17. Bxf4 Qxf4 18. Qd3 Rad8 19. Qe3 Qc7 20. Rfd1 a6 21. b3 Rfe8 22. f4 Qa5 23. Bf3 Kf8 24. Qf2 Ng8 25. Ne4 Ndf6 26. Nc5 Qc7 27. g3 Ne7 28. Re1 Nf5 29. Rcd1 a5 30. g4 Ne7 31. Bg2 Kg8 32. Re5 Nd7 33. Nxd7 Rxd7 34. Rde1 Red8 35. R5e4 Qb6 36. Qh4 Qb4 37. Qf2 b5 38. d5 exd5 39. cxd5 Qd6 40. dxc6 Rc7 41. Re5 a4 42. f5 gxf5 43. gxf5 axb3 44. axb3 Qf6 45. Qb6 Rdc8 46. Qxb5 Nxc6 47. Re8+ Rxe8 48. Rxe8+ Kh7 49. Qe2 Qg5 50. f6 Nd4 51. Qd3+ Nf5 52. Re1 g6 53. Qd5 Qxf6 54. Kh2 Rc2 55. Qe4 Qg5 56. Qxc2 Qg3+ 57. Kh1 Qxe1+ 58. Kh2 Qe5+ 59. Kh1 Ng3+ 60. Kg1 Nf5 61. Qc4 Qe3+ 62. Kh2 Kg7 63. b4 Qg3+ 64. Kg1 Qxg2+ 65. Kxg2 Ne3+ 66. Kf3 Nxc4 67. Ke4 f5+ 68. Kd5 Na3 69. Ke5 Kh6 70. Kf6 Kh5 71. Ke5 Kh4 72. Kf6 f4 73. Kxg6 f3 0-1


[Site "https://www.chess.com"]

[Event "Titled Tuesday Blitz January 17 Late 2023"]
[White "Iniyan, P"]
[Black "Khripachenko, Alexander"]
[WhiteFideId "25002767"]
[BlackFideId "54184975"]
[WhiteElo "2525"]
[BlackElo "2110"]
[Result "0-1"]
[Round "07"]
[TimeControl "180+2"]
[Date "2023.01.17"]
[WhiteClock "0:00:10"]
[BlackClock "0:00:54"]

1. b3 d5 2. Bb2 Bg4 3. Nf3 Nd7 4. e3 e5 5. Be2 Bd6 6. c4 dxc4 7. Bxc4 Ngf6 8. h3 Bh5 9. Nc3 c6 10. Ne2 b5 11. Bd3 e4 12. Bxe4 Nxe4 13. g4 Bg6 14. Bxg7 Rg8 15. Bd4 Qe7 16. Kf1 h5 17. Rc1 c5 18. Bb2 hxg4 19. hxg4 Qe6 20. Rg1 Bh7 21. d3 Nef6 22. Nc3 a6 23. g5 Nd5 24. Nxd5 Qxd5 25. Ke2 O-O-O 26. Rh1 Bg6 27. b4 Kb7 28. e4 Qxa2 29. Rc2 Qb3 30. bxc5 Nxc5 31. Nd4 Qa4 32. Qd2 Nxe4 33. dxe4 Bxe4 34. Ra1 Qb4 35. Qe3 Rge8 36. Kf1 Bxc2 37. Kg2 Rxe3 38. fxe3 0-1


[Site "https://www.chess.com"]

[Event "Titled Tuesday Blitz January 17 Late 2023"]
[White "Mahdavi, Reza"]
[Black "Sielecki, Christof"]
[WhiteFideId "12595926"]
[BlackFideId "4620437"]
[WhiteElo "2339"]
[BlackElo "2419"]
[Result "0-1"]
[Round "07"]
[TimeControl "180+2"]
[Date "2023.01.17"]
[WhiteClock "0:01:30"]
[BlackClock "0:01:12"]

1. e4 c5 2. Nf3 a6 3. c3 d5 4. exd5 Qxd5 5. d4 e6 6. Be3 Nd7 7. c4 Qc6 8. d5 exd5 9. cxd5 Qc7 10. Nc3 Ngf6 11. a4 b6 12. Bd3 Bd6 13. O-O O-O 14. h3 Bb7 15. Bc2 Rfe8 16. Nh4 g6 17. Nf3 Ne5 18. Nxe5 Bxe5 19. Bb3 c4 20. Ba2 Rad8 21. Rc1 Nxd5 22. Nxd5 Bxd5 23. Qg4 Bxb2 24. Rxc4 Bxc4 25. Bxc4 Bd4 26. Bxf7+ Qxf7 27. Bxd4 Qc4 28. Rd1 Qe2 29. Qxe2 Rxe2 30. f3 Ra2 0-1


[Site "https://www.chess.com"]

[Event "Titled Tuesday Blitz January 17 Late 2023"]
[White "Riehle, Marco"]
[Black "Sebag, Marie"]
[WhiteFideId "12904392"]
[BlackFideId "617822"]
[WhiteElo "2368"]
[BlackElo "2430"]
[Result "1/2-1/2"]
[Round "07"]
[TimeControl "180+2"]
[Date "2023.01.17"]
[WhiteClock "0:01:07"]
[BlackClock "0:00:10"]

1. e4 c5 2. a3 g6 3. h4 h5 4. Nc3 Bg7 5. Bc4 e6 6. d3 a6 7. Bg5 Ne7 8. Qd2 Nbc6 9. Nge2 b5 10. Bb3 Bb7 11. O-O-O b4 12. axb4 cxb4 13. Na4 Na5 14. Qxb4 Nxb3+ 15. cxb3 Bc6 16. Nec3 Rb8 17. Qa3 f6 18. Bf4 e5 19. Be3 O-O 20. Kb1 d5 21. exd5 Nxd5 22. Nxd5 Qxd5 23. Nc5 Rfd8 24. Qxa6 Bf8 25. Qc4 Bxc5 26. Bxc5 Rxb3 27. Qxd5+ Bxd5 28. Ba3 Rdb8 29. Kc2 Kf7 30. f3 Rc8+ 31. Kd2 Be6 32. Rc1 Rd8 33. Rc3 Rxc3 34. bxc3 Bf5 35. Bb4 Rxd3+ 36. Ke2 Rd7 37. Ra1 Bd3+ 38. Ke3 Bc4 39. Ra8 Rd3+ 40. Kf2 Rd2+ 41. Kg1 Rd7 42. Rc8 Be6 43. Rf8+ Kg7 44. Rb8 Rc7 45. Kf2 Kf7 46. g3 Rd7 47. Ke3 Bf5 48. c4 Rd3+ 49. Ke2 Rd4 50. c5 Rc4 51. Ke3 Be6 52. Rb7+ Kg8 53. Kd3 Bd5 54. Rd7 Rd4+ 55. Ke3 Bc6 56. Rxd4 exd4+ 57. Kxd4 Bxf3 58. Kc4 Kf7 59. Kb5 Ke8 60. c6 Kd8 61. Kb6 Kc8 62. Be7 f5 63. Bg5 Bg4 64. Kc5 Bf3 65. Kd6 Bg4 66. Bf4 Bf3 67. Ke5 Bg4 68. Kd4 Bf3 69. c7 Bg4 70. Ke3 Kd7 71. Be5 Kc8 72. Kf4 Kd7 73. Kg5 Kc8 74. Kxg6 Kd7 75. Kf7 Kc8 76. Ke7 Bf3 77. Kd6 Bg4 78. Bf4 Bf3 79. Ke6 Bg4 80. Ke5 Bf3 81. Kd4 Bg4 82. Ke3 Bd1 83. Be5 Bg4 84. Kf4 Kd7 85. Kg5 Kc8 86. Bf4 Kd7 87. Kf6 Kc8 88. Ke7 Bf3 89. Ke6 Bg4 90. Kd6 Bf3 91. Kc5 Bg4 92. Kb6 Bf3 93. Be5 Bg4 94. Kc5 Bf3 95. Kd4 Bg4 96. Ke3 Kd7 97. Kf4 Kc8 98. Kg5 Kd7 99. Bf4 1/2-1/2


[Site "https://www.chess.com"]

[Event "Titled Tuesday Blitz January 17 Late 2023"]
[White "Yurovskykh, Oleksandr"]
[Black "Fernandez Guillen, Ernesto J."]
[WhiteFideId "14134020"]
[BlackFideId "3512428"]
[WhiteElo "2328"]
[BlackElo "2477"]
[Result "0-1"]
[Round "07"]
[TimeControl "180+2"]
[Date "2023.01.17"]
[WhiteClock "0:00:01"]
[BlackClock "0:00:03"]

1. d4 Nf6 2. Nf3 g6 3. c4 Bg7 4. Nc3 d6 5. e4 O-O 6. Be2 e5 7. dxe5 dxe5 8. Qxd8 Rxd8 9. Bg5 c6 10. Nxe5 Re8 11. O-O-O Nxe4 12. Nxe4 Bxe5 13. Nf6+ Bxf6 14. Bxf6 Be6 15. b3 Nd7 16. Bc3 a5 17. Rhe1 a4 18. b4 Nb6 19. c5 Nd5 20. Bd2 a3 21. Bd3 f6 22. Bc4 Kf7 23. Bb3 Nc7 24. Bxe6+ Rxe6 25. Rxe6 Kxe6 26. Bc3 Nd5 27. Kc2 h5 28. Kb3 Kf5 29. Re1 g5 30. Bd2 g4 31. Bc1 h4 32. Bxa3 h3 33. gxh3 gxh3 34. Rg1 Re8 35. Rg3 Nf4 36. Rf3 Kg4 37. Rg3+ Kf5 38. Rf3 Kg4 39. Rg3+ Kh4 40. Rf3 Re4 41. Bc1 Nd5 42. Bd2 Rg4 43. Bc3 Rg2 44. a4 Kg4 45. Rg3+ Rxg3 46. fxg3 Kf3 47. b5 Kg2 48. bxc6 bxc6 49. a5 Kxh2 50. a6 Kg2 51. Ba5 h2 52. a7 h1=Q 53. a8=Q Qb1+ 54. Kc4 Qb5+ 55. Kd4 Qb2+ 56. Ke4 Qe5+ 57. Kd3 Qe3+ 58. Kc2 Qxc5+ 59. Kd3 Qe3+ 60. Kc2 Qe2+ 61. Kb3 Qb5+ 62. Kc2 Qc4+ 63. Kd2 Kxg3 64. Qa7 Kf3 65. Bd8 Qe2+ 66. Kc1 Qe3+ 67. Kb1 Qxa7 0-1


[Site "https://www.chess.com"]

[Event "Titled Tuesday Blitz January 17 Late 2023"]
[White "Dimitrov, Atanas"]
[Black "Arenas, David"]
[WhiteFideId "2901315"]
[BlackFideId "4403177"]
[WhiteElo "2269"]
[BlackElo "2426"]
[Result "0-1"]
[Round "07"]
[TimeControl "180+2"]
[Date "2023.01.17"]
[WhiteClock "0:00:01"]
[BlackClock "0:00:35"]

1. Nf3 c5 2. c4 Nc6 3. Nc3 g6 4. b3 Bg7 5. Bb2 e6 6. e3 Nge7 7. Be2 O-O 8. O-O d5 9. cxd5 exd5 10. Na4 Bxb2 11. Nxb2 d4 12. Rc1 b6 13. Bc4 Bg4 14. h3 Bxf3 15. Qxf3 Ne5 16. Qe2 Nxc4 17. Nxc4 Nc6 18. a3 Qd5 19. e4 Qd7 20. d3 Qe7 21. f4 b5 22. Nd2 Rac8 23. Rfe1 Rfe8 24. Qf3 Na5 25. e5 Qe6 26. Rb1 c4 27. bxc4 bxc4 28. Ne4 c3 29. Nf6+ Kg7 30. Nxe8+ Qxe8 31. f5 c2 32. Rbc1 Nb3 33. Qf4 Nxc1 34. Rxc1 Kg8 35. Kh2 Rc5 36. Re1 c1=Q 37. Rxc1 Rxc1 38. Qxc1 Qxe5+ 39. Kh1 Qxf5 40. Qc4 Qd7 41. Qc5 h5 42. Qe5 Qa4 43. Qb8+ Kh7 44. Qf4 Qb3 45. a4 Qd5 46. Qc7 a5 47. Kh2 Kg7 48. Qf4 Qc5 49. Qb8 Kf6 50. Qf4+ Ke6 51. Qe4+ Qe5+ 52. Qxe5+ Kxe5 53. Kg3 g5 54. Kf3 f5 55. g4 fxg4+ 56. hxg4 h4 57. Kf2 Kf4 58. Kg2 Kxg4 59. Kh2 Kf4 60. Kg2 Ke3 61. Kh2 Kxd3 62. Kg2 Kc3 63. Kh2 d3 64. Kg2 d2 65. Kh3 d1=Q 66. Kh2 Qe2+ 67. Kh3 Qf3+ 68. Kh2 h3 69. Kg1 Qg2# 0-1


[Site "https://www.chess.com"]

[Event "Titled Tuesday Blitz January 17 Late 2023"]
[White "Tanenbaum, Zachary"]
[Black "Bilan, Danila"]
[WhiteFideId "2060850"]
[BlackFideId "24161918"]
[WhiteElo "2261"]
[BlackElo "2303"]
[Result "1-0"]
[Round "07"]
[TimeControl "180+2"]
[Date "2023.01.17"]
[WhiteClock "0:00:17"]
[BlackClock "0:00:02"]

1. e4 c6 2. d4 d5 3. exd5 cxd5 4. Bd3 Nc6 5. c3 Qc7 6. h3 g6 7. Qc2 Nf6 8. Nf3 Bg7 9. O-O O-O 10. Re1 Nh5 11. Bg5 Nf4 12. Bf1 Bf5 13. Qd2 Ne6 14. Bh6 Bxh6 15. Qxh6 Qf4 16. Qh4 Qxh4 17. Nxh4 Nf4 18. Nxf5 gxf5 19. Nd2 e6 20. Nb3 Kg7 21. a4 a5 22. Nc5 b6 23. Nd7 Rfd8 24. Bb5 Na7 25. Nxb6 Rab8 26. Nd7 Rxb5 27. axb5 Rxd7 28. Rxa5 Rb7 29. b6 Nc8 30. Rc5 Nd3 31. Re3 Nxc5 32. dxc5 Ne7 33. b4 Kf6 34. Re2 Nc8 35. Ra2 Nxb6 36. cxb6 Rxb6 37. Kf1 Rc6 38. Ra3 Ke5 39. Ke2 Rc4 40. Kd3 h5 41. Ra7 Kf6 42. b5 Rc5 43. b6 Rb5 44. b7 Ke5 45. h4 f6 46. f4+ Kxf4 47. Ra4+ 1-0


[Site "https://www.chess.com"]

[Event "Titled Tuesday Blitz January 17 Late 2023"]
[White "Timmermans, Mark"]
[Black "Al-Tarboush, Ward"]
[WhiteFideId "1026399"]
[BlackFideId "7601450"]
[WhiteElo "2392"]
[BlackElo "2256"]
[Result "1-0"]
[Round "07"]
[TimeControl "180+2"]
[Date "2023.01.17"]
[WhiteClock "0:00:13"]
[BlackClock "0:00:39"]

1. e4 c5 2. Nf3 Nc6 3. d4 cxd4 4. Nxd4 Nf6 5. Nc3 e5 6. Ndb5 d6 7. Bg5 a6 8. Na3 b5 9. Bxf6 gxf6 10. Nd5 f5 11. c3 fxe4 12. Bxb5 axb5 13. Nxb5 Ra7 14. Nxa7 Nxa7 15. Qa4+ Bd7 16. Qxa7 Bh6 17. Qc7 Qxc7 18. Nxc7+ Ke7 19. Nd5+ Ke6 20. Nc7+ Ke7 21. O-O Rg8 22. Rfd1 Bg4 23. Re1 Bf3 24. g3 Bg5 25. c4 h5 26. Nd5+ Ke6 27. Nc3 f5 28. a4 h4 29. a5 e3 30. fxe3 hxg3 31. hxg3 Bh4 32. Ne2 Bg5 33. Kf2 Ba8 34. b4 Rh8 35. Nf4+ Kf7 36. Nd5 Rh2+ 37. Kg1 Rc2 38. a6 Bd8 39. Rec1 Rb2 40. Rab1 Ra2 41. b5 Bxd5 42. cxd5 Bb6 43. Rc3 Kf6 44. Kh1 Kg5 45. Rc6 Bxe3 46. Rxd6 Kg4 47. b6 Kh3 48. Rh6+ Bxh6 49. Kg1 Be3+ 50. Kf1 Bxb6 51. Rxb6 Kxg3 52. d6 Kf3 53. Rb3+ Ke4 54. d7 Rd2 55. a7 1-0


[Site "https://www.chess.com"]

[Event "Titled Tuesday Blitz January 17 Late 2023"]
[White "Milikow, Yoav"]
[Black "Rojas Salas, Steven"]
[WhiteFideId "2822237"]
[BlackFideId "3819434"]
[WhiteElo "2394"]
[BlackElo "2217"]
[Result "0-1"]
[Round "07"]
[TimeControl "180+2"]
[Date "2023.01.17"]
[WhiteClock "0:00:46"]
[BlackClock "0:00:34"]

1. Nf3 d5 2. c4 e6 3. Qc2 Nf6 4. b3 d4 5. Bb2 c5 6. e4 Nc6 7. a3 e5 8. d3 a5 9. Be2 Bd6 10. O-O O-O 11. Nfd2 Ne8 12. f3 Qg5 13. Rf2 f5 14. Bc1 f4 15. Nf1 Qg6 16. Kh1 Nd8 17. Bd1 Be7 18. a4 Ra6 19. Na3 Bh4 20. Nb5 Qh5 21. Ba3 Rh6 22. Bxc5 Bg3 23. Bxf8 Bxh2 24. g4 fxg3 25. Rxh2 gxh2 26. Be7 Nc6 27. Ba3 Qh3 28. Qf2 Nf6 29. Bc1 Rg6 30. Nxh2 Nh5 31. Qb2 Ng3+ 32. Kg1 Nf1+ 33. Kf2 Rg2+ 34. Ke1 Qg3+ 35. Kxf1 Rg1+ 0-1


[Site "https://www.chess.com"]

[Event "Titled Tuesday Blitz January 17 Late 2023"]
[White "Skvortsov, Andrei"]
[Black "Pasti, Aron"]
[WhiteFideId "24108600"]
[BlackFideId "785857"]
[WhiteElo "2313"]
[BlackElo "2361"]
[Result "1-0"]
[Round "07"]
[TimeControl "180+2"]
[Date "2023.01.17"]
[WhiteClock "0:00:09"]
[BlackClock "0:00:01"]

1. d4 Nf6 2. g3 d5 3. Bg2 e6 4. Nd2 Be7 5. Ngf3 O-O 6. c4 c6 7. O-O Nbd7 8. Re1 b6 9. e4 dxc4 10. Nxc4 Bb7 11. Bf4 c5 12. d5 exd5 13. exd5 Bxd5 14. Ne3 Be4 15. Ng5 Bxg2 16. Kxg2 g6 17. Nf3 Nh5 18. Bh6 Re8 19. Qb3 Bf8 20. Bg5 Qc8 21. Rad1 Qc6 22. Ng4 c4 23. Qc2 f6 24. Bc1 f5 25. Nh6+ Bxh6 26. Bxh6 Ne5 27. Qc3 Nxf3 28. Qxf3 Qxf3+ 29. Kxf3 Nf6 30. Rxe8+ Rxe8 31. Rd6 Ne4 32. Rd7 g5 33. Rg7+ Kh8 34. Rxa7 b5 35. Rb7 Ra8 36. a3 Kg8 37. h3 1-0


[Site "https://www.chess.com"]

[Event "Titled Tuesday Blitz January 17 Late 2023"]
[White "Vovk, Orest"]
[Black "Di Berardino, Diego Rafael"]
[WhiteFideId "14113490"]
[BlackFideId "2105446"]
[WhiteElo "2315"]
[BlackElo "2479"]
[Result "0-1"]
[Round "07"]
[TimeControl "180+2"]
[Date "2023.01.17"]
[WhiteClock "0:00:01"]
[BlackClock "0:00:05"]

1. h4 d5 2. h5 e5 3. h6 Nxh6 4. d4 e4 5. Bxh6 gxh6 6. e3 Be6 7. c4 dxc4 8. Nc3 Bb4 9. Qa4+ Nc6 10. Rxh6 Qg5 11. Rxe6+ fxe6 12. Nh3 Qa5 13. Qc2 O-O-O 14. Bxc4 e5 15. d5 Ne7 16. Rd1 Nxd5 17. Bxd5 Rxd5 18. Rxd5 Qxd5 19. Ng5 Bxc3+ 20. bxc3 Rg8 21. Nxe4 Rxg2 22. c4 Rg1+ 23. Ke2 Qd7 24. Nf6 Qe6 25. Nd5 e4 26. Kd2 b6 27. Qa4 c6 0-1


[Site "https://www.chess.com"]

[Event "Titled Tuesday Blitz January 17 Late 2023"]
[White "Reprintsev, Alexander"]
[Black "Pershin, Denis"]
[WhiteFideId "14100541"]
[BlackFideId "24165506"]
[WhiteElo "2253"]
[BlackElo "2366"]
[Result "1-0"]
[Round "07"]
[TimeControl "180+2"]
[Date "2023.01.17"]
[WhiteClock "0:00:21"]
[BlackClock "0:00:04"]

1. e4 c5 2. b3 Nf6 3. e5 Nd5 4. Nc3 e6 5. Ne4 Nc6 6. Bb2 Qc7 7. Nf3 b6 8. g3 Bb7 9. Bg2 O-O-O 10. O-O Kb8 11. c4 Ndb4 12. d3 d5 13. exd6 Bxd6 14. a3 Na6 15. Bxg7 Rhg8 16. Bf6 Be7 17. Qe2 Bxf6 18. Nxf6 Rg6 19. Ne4 f5 20. Nc3 Qg7 21. Nb5 Nc7 22. Nxc7 Kxc7 23. Rfe1 Re8 24. b4 e5 25. b5 Nd4 26. Nxd4 cxd4 27. Bxb7 Kxb7 28. Qf3+ Kc7 29. Qxf5 Rf6 30. Qe4 Qh6 31. Ra2 Qh3 32. Qg2 Qf5 33. Re4 h5 34. Rae2 h4 35. Rxh4 Qxd3 36. Qe4 Qxe4 37. Rhxe4 Kd6 38. f4 Kc5 39. fxe5 Rfe6 40. Kf2 Kxc4 41. h4 Kc3 42. Re1 d3 43. Rc1+ Kb2 44. Rc6 Rxe5 45. Rd4 Re2+ 46. Kf3 Rf8+ 47. Kg4 d2 48. Rcd6 Kc2 49. h5 Rg8+ 50. Kf3 Rh2 51. g4 Rf8+ 52. Kg3 Rff2 53. h6 Rfg2+ 54. Kf4 Rf2+ 55. Kg5 Rf1 56. Rc6+ Kb3 57. Rcd6 Kc2 58. Kg6 d1=Q 59. Rxd1 Rxd1 60. Rxd1 Kxd1 61. g5 Kc2 62. Kh7 Kb3 63. g6 Kxa3 64. g7 Rg2 65. g8=Q Rxg8 66. Kxg8 a6 67. bxa6 1-0


[Site "https://www.chess.com"]

[Event "Titled Tuesday Blitz January 17 Late 2023"]
[White "Papayan, Oleg"]
[Black "Hamitevici, Vladimir"]
[WhiteFideId "4193911"]
[BlackFideId "13902393"]
[WhiteElo "2253"]
[BlackElo "2496"]
[Result "0-1"]
[Round "07"]
[TimeControl "180+2"]
[Date "2023.01.17"]
[WhiteClock "0:00:02"]
[BlackClock "0:00:42"]

1. e4 d6 2. d4 Nf6 3. Nc3 e5 4. Nf3 Nbd7 5. Bc4 Be7 6. O-O O-O 7. a4 a6 8. Re1 b6 9. h3 c6 10. Be3 Bb7 11. dxe5 dxe5 12. Bg5 b5 13. Bf1 Qc7 14. Bh4 Bb4 15. Bg3 Rfe8 16. Nh4 g6 17. Qf3 Bf8 18. Rad1 Bg7 19. Qe2 Nc5 20. b4 Ne6 21. a5 Nh5 22. Nf3 Nxg3 23. fxg3 Nd4 24. Qf2 Qe7 25. Na2 Rad8 26. c3 Ne6 27. Qb6 Qc7 28. Qxc7 Nxc7 29. Nc1 Ne6 30. Nb3 f6 31. Kf2 Bf8 32. Be2 c5 33. bxc5 Nxc5 34. Nxc5 Bxc5+ 35. Kf1 Bxe4 36. c4 b4 37. Nd2 Bc2 38. Rc1 Rxd2 0-1


[Site "https://www.chess.com"]

[Event "Titled Tuesday Blitz January 17 Late 2023"]
[White "Vega Gutierrez, Sabrina"]
[Black "Flores Quillas, Diego Saul Rodri"]
[WhiteFideId "2219026"]
[BlackFideId "3822508"]
[WhiteElo "2377"]
[BlackElo "2359"]
[Result "0-1"]
[Round "07"]
[TimeControl "180+2"]
[Date "2023.01.17"]
[WhiteClock "0:00:02"]
[BlackClock "0:00:55"]

1. e4 c5 2. Nf3 d6 3. d4 cxd4 4. Qxd4 Nc6 5. Bb5 Bd7 6. Bxc6 Bxc6 7. Nc3 e5 8. Qd3 h6 9. O-O Nf6 10. Nd2 Be7 11. Nc4 O-O 12. Rd1 Nxe4 13. Nxe4 d5 14. Bxh6 gxh6 15. Nxe5 Qc7 16. Qg3+ Kh7 17. Nxc6 Qxg3 18. Nxg3 bxc6 19. b3 f5 20. Re1 Bf6 21. Rad1 f4 22. Nf5 Rae8 23. Nd6 Rd8 24. Nb7 Rde8 25. Nc5 Bc3 26. Rxe8 Rxe8 27. Kf1 Kg6 28. Na4 Bb4 29. c3 Bd6 30. Re1 Rxe1+ 31. Kxe1 f3 32. g3 Kf5 33. h3 Ke4 34. Kd2 Ba3 35. b4 d4 36. cxd4 Bxb4+ 0-1


[Site "https://www.chess.com"]

[Event "Titled Tuesday Blitz January 17 Late 2023"]
[White "Leiva, Gianmarco"]
[Black "Sivakumar, Shaaketh"]
[WhiteFideId "3804399"]
[BlackFideId "30940176"]
[WhiteElo "2392"]
[BlackElo "2337"]
[Result "1-0"]
[Round "07"]
[TimeControl "180+2"]
[Date "2023.01.17"]
[WhiteClock "0:00:55"]
[BlackClock "0:01:59"]

1. e4 e6 2. d4 d5 3. Nd2 c5 4. Ngf3 Nc6 5. exd5 exd5 6. Bb5 Qe7+ 7. Qe2 Qxe2+ 8. Kxe2 a6 9. Bxc6+ bxc6 10. dxc5 Bxc5 11. Nb3 Bd6 12. Be3 a5 13. Bc5 Kd7 14. a4 Ba6+ 15. Kd1 Nf6 16. Nfd4 Ne4 17. Bxd6 Nxf2+ 18. Kd2 Kxd6 19. Rhe1 Ne4+ 20. Kc1 Bc4 21. Nd2 Nxd2 22. Kxd2 g6 23. Ra3 Rab8 24. Rf3 Rhf8 25. Rf6+ Kc5 26. Rxc6+ Kb4 27. c3+ Kxa4 28. Ra1+ Ba2 29. Rxa2# 1-0


[Site "https://www.chess.com"]